 Dungeon Crawl Stone Soup version 0.28-a0-1143-gcf6077d4cc (webtiles) character file.

Game seed: 8486133986274875738

1 spaghetti the Sneak (level 1, -1/18 HPs)
             Began as a Mummy Delver on Dec 14, 2021.
             Slain by an orc (5 damage)
             ... on level 6 of the Dungeon.
             The game lasted 00:00:20 (202 turns).

spaghetti the Sneak (Mummy Delver)                   Turns: 202, Time: 00:00:21

Health: -1/18      AC:  3    Str: 15    XL:     1   Next: 16%
Magic:  1/1        EV: 11    Int:  9    God:
Gold:   15         SH:  0    Dex: 13    Spells: 0/0 levels left

rFire   x . .      SeeInvis .   a - +0 falchion {long}
rCold   + . .      Faith    .   (no shield)
rNeg    + + +      Spirit   .   b - +0 leather armour
rPois   ∞          Reflect  .   (no helmet)
rElec   .          Harm     .   (no cloak)
rCorr   .          Rampage  .   (no gloves)
Will    .....                   (no boots)
Stlth   ++........              (no amulet)
HPRegen 0.06/turn               (no ring)
MPRegen 0.07/turn               (no ring)

@: no status effects
A: cold resistance 1, negative energy resistance 3, torment resistance 2, heat
vulnerability 1, no potions
a: no special abilities


You were on level 6 of the Dungeon.
You visited 1 branch of the dungeon, and saw 2 of its levels.

You collected 15 gold pieces.


Innate Abilities, Weirdness & Mutations

You are immune to poison.
Your flesh is cold resistant. (rC+)
You are immune to negative energy. (rN+++)
You are immune to unholy pain and torment.
You are vulnerable to heat. (rF-)
You do not drink.


   Skills:
 - Level 3.0 Fighting
 - Level 1.5 Long Blades
 - Level 1.5 Dodging
 + Level 4.1 Stealth


You couldn't memorise any spells.
You didn't know any spells.
Your spell library was empty.

Inventory:

Hand Weapons
 a - a +0 falchion (weapon) {long}
Armour
 b - a +0 leather armour (worn)
Wands
 f - a wand of digging (3)
Scrolls
 c - a scroll of fog
 d - a scroll of magic mapping {!r}
 e - a scroll of fear

Dungeon Overview and Level Annotations

Branches:
Dungeon (6/15)
 Temple: D:4-7

Altars:

###
..(#.######.##
...........#@#
##...######o##
... #.# z #.#
#.# #.# #.#
#.# #.#


You could see an orc.


Message History

An orc comes into view. It is wielding a +0 flail.
An orc comes into view. It is wielding a +0 short sword.
You see here a scroll labelled VUTUSCH JIQEECS.
g - a scroll labelled VUTUSCH JIQEECS The jackal barely misses you.
As you read the scroll labelled VUTUSCH JIQEECS, it crumbles to dust.
It is a scroll of identify.
You don't have any unidentified items.
The jackal bites you but does no damage.
Unknown command.
Unknown command.
The jackal bites you. 😕 HP[-3]
You take 3 damage, and now have 15/18 hp.
There is a stone staircase leading down here.
The jackal bites you but does no damage.
The centaur skeleton completely misses you.
The centaur skeleton closely misses you.
You climb downwards.
There is a stone staircase leading up here.
Unknown command.
Unknown command.
Unknown command.
You closely miss the jackal.
The jackal bites you but does no damage.
The jackal bites you. 😕 HP[-1]
You take 1 damage, and now have 14/18 hp.
You closely miss the jackal. The jackal barely misses you. x2
You completely miss the jackal. The jackal barely misses you.
The jackal bites you. 😮 HP[-3]
You take 3 damage, and now have 11/18 hp.
You are too injured to fight recklessly!
You are too injured to fight recklessly!
You are too injured to fight recklessly!
You are too injured to fight recklessly!
You are too injured to fight recklessly!
You are too injured to fight recklessly!
You are too injured to fight recklessly!
You are too injured to fight recklessly!
You are too injured to fight recklessly!
You are too injured to fight recklessly!
You are too injured to fight recklessly!
You are too injured to fight recklessly!
You hit the jackal. The jackal closely misses you.
You miss the jackal. The jackal closely misses you. The jackal bites you.
* * * LOW HITPOINT WARNING * * *
😨 HP[-2]
You take 2 damage, and now have 9/18 hp.
You barely miss the jackal.
The jackal bites you but does no damage.
The jackal bites you.
* * * LOW HITPOINT WARNING * * *
You slash the jackal!
You kill the jackal!
You start resting. 😎 HP[+9]
Your hp is fully restored (18).
There is a stone staircase leading up here.
A wight comes into view. It is wielding a +5 battleaxe.
A wight is nearby!
There is a stone staircase leading up here.
You climb upwards.
The centaur skeleton hits you but does no damage.
The centaur skeleton kicks you.
A hound zombie comes into view.
The orc closely misses you.
The centaur skeleton hits you but does no damage.
The centaur skeleton kicks you.
There is a stone staircase leading down here. 😕 HP[-2]
You take 2 damage, and now have 16/18 hp.
Unknown command.
Unknown command.
Unknown command.
The orc closely misses you.
The centaur skeleton hits you but does no damage.
The centaur skeleton kicks you but does no damage.
You climb downwards.
There is a stone staircase leading up here. 😕 HP[+1] Unknown command.
Unknown command.
You hit the orc but do no damage. The orc barely misses you.
You hit the orc. The orc hits you with a +0 flail. The orc misses you. 😮 HP[-6]
You take 6 damage, and now have 11/18 hp.
MASSIVE DAMAGE!! (PAUSE)
You barely miss the orc. The orc hits you with a +0 flail.
* * * LOW HITPOINT WARNING * * *
😨 HP[-5]
You take 5 damage, and now have 6/18 hp.
MASSIVE DAMAGE!! (PAUSE) Unknown command.
You closely miss the orc. The orc closely misses you.
You hit the orc but do no damage. The orc hits you with a +0 flail.
* * * LOW HITPOINT WARNING * * *
The orc hits you with a +0 flail.
You die...

Action                   || total
-------------------------++-------
Melee: Falchion          ||    12
  Use: Scroll            ||     2
Armor: Leather armour    ||     8
Dodge: Dodged            ||    13

Levels and vault maps discovered:
D:5:      layout_rooms, uniq_eustachio
D:6:      layout_loops_ring, minmay_misc_feat_doors, uniq_maggie, uniq_pikel

Notes
Turn   | Place    | Note
-------+----------+-------------------------------------------
     0 | D:5      | spaghetti the Mummy Delver began the quest for the Orb.
     0 | D:5      | Reached XP level 1. HP: 18/18 MP: 1/1
     0 | D:5      | magus.rc [v1.9.6]
   188 | D:6      | Noticed a wight
   202 | D:6      | HP: 4/18 [orc (2)]
   202 | D:6      | Slain by an orc

Vanquished Creatures
  A jackal (D:6)
1 creature vanquished.

Table legend:
 A = Non-vault XP
 B = Vault XP
 C = Vault XP percentage of total XP
 D = Non-vault monster count
 E = Vault monster count
 F = Vault count percentage of total count
                 A         B        C        D         E       F
            +---------+---------+-------+---------+---------+-------
      Total |       2 |       0 |   0.0 |       1 |       0 |   0.0
            +---------+---------+-------+---------+---------+-------
        D:6 |       2 |       0 |   0.0 |       1 |       0 |   0.0
            +---------+---------+-------+---------+---------+-------

Illustrated notes

Table legend:
 A = Kills in this place as a percentage of kills in entire the game.
 B = Kills by you in this place as a percentage of kills by you in the entire game.
 C = Kills by friends in this place as a percentage of kills by friends in the entire game.
 D = Other kills in this place as a percentage of other kills in the entire game.
 E = Experience gained in this place as a percentage of experience gained in the entire game.
 F = Experience gained in this place divided by the number of levels of this place that you have seen.
                   A       B       C       D       E      F
               +-------+-------+-------+-------+-------+----------------------
         Total | 100.0 | 100.0 |   N/A |   N/A | 100.0 |   1.0
       Dungeon | 100.0 | 100.0 |   N/A |   N/A | 100.0 |   1.0
               +-------+-------+-------+-------+-------+----------------------

Table legend: (Time is in decaauts)
 A = Elapsed time spent in this place.
 B = Non-inter-level travel time spent in this place.
 C = Inter-level travel time spent in this place.
 D = Time resting spent in this place.
 E = Time spent auto-exploring this place.
 F = Levels seen in this place.
 G = Mean time per level.
                   A        B        C        D        E       F      G
               +--------+--------+--------+--------+--------+-----+--------+
         Total |    205 |    205 |      0 |    148 |     18 |   2 |  102.5 |
       Dungeon |    205 |    205 |      0 |    148 |     18 |   2 |  102.5 |
               +--------+--------+--------+--------+--------+-----+--------+

Top non-repeatable levels by time:
     D:6: 176 daAuts
     D:5: 28 daAuts
